 Dungeon Crawl Stone Soup version 0.18-a0-1243-g9e52518 (webtiles) character file.

10878 Gagarin the Nimble (level 11, -6/101 HPs)
             Began as a Minotaur Gladiator on Feb 5, 2016.
             Was a High Priest of Qazlal.
             Mangled by an eight-headed hydra (10 damage)
             ... on level 12 of the Dungeon.
             The game lasted 00:49:59 (11075 turns).

Gagarin the Nimble (Minotaur Gladiator)            Turns: 11075, Time: 00:49:59

Health: -6/101     AC: 10    Str: 22    XL:     11   Next: 42%
Magic:  10/10      EV: 18    Int:  5    God:    Qazlal [*****.]
Gold:   232        SH:  6    Dex: 14    Spells: 0 memorised, 10 levels left

rFire  . . .     SeeInvis .     b - +2 scimitar of Duty {flame, *Confuse rC+ MR+++ Int-2} (curse)
rCold  + + .     Gourm    +     t - +2 leather armour {rN+}
rNeg   + . .     Faith    .     (no shield)
rPois  +         Spirit   .     c - +0 hat
rElec  .         Dismiss  .     Q - +0 cloak
rCorr  .         Reflect  .     (no gloves)
SustAt .         Harm     .     (no boots)
MR     +++..     Rnd*Tele +     a - amulet of the gourmand
Stlth  +.........               K - ring "Iraemeoqo" {*Tele rPois rC+ Dex+4}
                                j - +4 ring of slaying

@: protected from physical damage, repel missiles, extremely resistant to
hostile enchantments, very unstealthy
A: retaliatory headbutt, horns 2
a: Upheaval, Elemental Force, Disaster Area, Renounce Religion


You were on level 12 of the Dungeon.
You worshipped Qazlal.
Qazlal was extremely pleased with you.
You were very full.

You visited 1 branch of the dungeon, and saw 12 of its levels.
You also visited: Sewer and Ossuary.

You collected 646 gold pieces.
You spent 414 gold pieces at shops.

Inventory:

Hand Weapons
 b - the cursed +2 scimitar of Duty (weapon) {flame, *Confuse rC+ MR+++ Int-2}
   (You found it on level 10 of the Dungeon)

   It has been specially enchanted to burn those struck by it, causing extra
   injury to most foes and up to half again as much damage against particularly
   susceptible opponents.
   Big, fiery blades are also staple armaments of hydra-hunters.
   It affects your intelligence (-2).
   It protects you from cold.
   It affects your resistance to hostile enchantments.
   It may confuse you when you take damage.
   It has a curse placed upon it.
 e - a +0 hand axe of freezing
 s - a +2 mace of holy wrath
 G - a +5 flail of draining
 P - a +2 quarterstaff of chaos
 T - a +1 flail of protection
Missiles
 l - 31 tomahawks (quivered)
Armour
 c - a +0 hat (worn)
 t - a +2 leather armour of positive energy (worn)
 I - a +2 robe of the Archmagi
 Q - a +0 cloak (worn)
 W - a +1 robe of cold resistance
 X - a +2 robe of magic resistance
Jewellery
 a - an amulet of the gourmand (around neck)
 j - a +4 ring of slaying (left hand)
 m - an uncursed ring of protection from fire
 K - the ring "Iraemeoqo" (right hand) {*Tele rPois rC+ Dex+4}
   (You found it on level 5 of the Dungeon)

   [ring of teleportation]

   It may teleport you next to monsters.
   It affects your dexterity (+4).
   It protects you from cold.
   It protects you from poison.
 U - an uncursed ring of fire
Wands
 d - a wand of polymorph (12/24)
 r - a wand of random effects (14/48)
 L - a wand of slowing (8/48)
Scrolls
 g - a scroll of fog
 i - 4 scrolls of magic mapping
 n - a scroll of amnesia {unknown}
 o - a scroll of remove curse
 p - 10 scrolls of identify
 q - a scroll of teleportation
 u - 2 scrolls of immolation
 v - 2 scrolls of blinking {unknown}
 x - 2 scrolls of recharging {unknown}
 y - a scroll of holy word {unknown}
 E - a scroll of enchant weapon
 M - a scroll of enchant armour {unknown}
 S - 4 scrolls of noise {unknown}
Potions
 h - 9 potions of curing
 k - a potion of mutation
 w - a potion of invisibility
 z - a potion of might {unknown}
 A - a potion of lignification {unknown}
 C - 2 potions of magic
 D - a potion of agility {unknown}
 J - a potion of resistance
 V - a potion of flight {unknown}
 Y - a potion of brilliance {unknown}
Comestibles
 f - 5 bread rations
 F - a beef jerky
 H - 2 meat rations
 N - 2 fruits
 R - 2 slices of pizza


   Skills:
 + Level 10.4 Fighting
 + Level 2.8 Long Blades
 + Level 11.2(11.6) Axes
 + Level 5.0(8.9) Maces & Flails
 + Level 2.7 Throwing
 + Level 6.3 Armour
 + Level 11.5 Dodging
 + Level 3.0 Stealth
 + Level 0.4 Invocations


You had 10 spell levels left.
You didn't know any spells.

Dungeon Overview and Level Annotations

Branches:
Dungeon (12/15)            Temple (0/1) D:4            Lair (0/8) D:11
    Orc (0/2) D:11

Altars:
Ashenzari
Fedhas
Okawaru
Qazlal
Ru
Sif Muna
Vehumet
Zin
Beogh

Shops:
D:6 (   D:8 (   D:9 =   D:10 *

Portals:
Trove: D:10 (give wand of heal wounds (9))

Annotations:
D:3 namelastname112's ghost, amateur DrGl
D:5 Lathuz's ghost, novice MiFi
D:9 namelastname112's ghost, novice DrGl


Innate Abilities, Weirdness & Mutations

You reflexively headbutt those who attack you in melee.
You have a pair of horns on your head.


Message History

You feel protected from physical attacks.
The eight-headed hydra bites you but does no damage.
You block the eight-headed hydra's attack.
The eight-headed hydra closely misses you.
The eight-headed hydra bites you but does no damage.
The eight-headed hydra bites you!
* * * LOW HITPOINT WARNING * * *
The cyan ugly thing completely misses you.
You furiously retaliate!
You headbutt the cyan ugly thing! You hit the eight-headed hydra.
You burn the eight-headed hydra. You headbutt the eight-headed hydra!
The eight-headed hydra is moderately wounded.
The eight-headed hydra closely misses you.
You furiously retaliate!
You headbutt the eight-headed hydra!
You block the eight-headed hydra's attack.
The eight-headed hydra completely misses you.
The eight-headed hydra bites you but does no damage.
You block the eight-headed hydra's attack.
The eight-headed hydra bites you!
You die...

#.#..............#
#.##....#....##..#
#.##.....###.##..# ##
#.....u...#.##..#
#.###....u.#.#.##..#
#.#.#....##.#.##..##
.##....<........u§§.#
.......#####.#####§.#####
..#....# #...D@u........
#.##.#.# #######..#####.
#.#.# ...# # #.# ...#
#.##.#.# #...# .....u.#
##... #.##.### #.### #.
.# #


You could see an eight-headed hydra and a cyan ugly thing.

Vanquished Creatures
  A skeletal warrior (D:11)
  An unseen horror (D:11)
  2 hill giants (D:11)
  Pikel (D:5)
  The ghost of namelastname112 the Cudgeler, a novice DrGl (D:7)
  Joseph (D:7)
  Psyche (D:8)
  A gargoyle (D:10)
  A kobold demonologist (D:11)
  2 yaks (D:9)
  A steam dragon (D:9)
  A hippogriff (D:11)
  A hungry ghost (D:11)
  Edmund (D:4)
  The ghost of Gagarin the Grave Robber, an amateur DENe (Ossuary)
  A water moccasin (D:12)
  Duvessa (D:5)
  5 ice beasts
  11 orc warriors
  A sky beast (D:9)
  2 slaves (D:5)
  An eye of draining (D:10)
  A wasp (D:9)
  A black bear (D:9)
  2 necrophages
  2 centaurs
  6 ogres
  2 crocodiles
  2 big kobolds
  5 giant frogs
  Dowan (D:5)
  A scorpion (D:4)
  3 wights (D:9)
  7 crimson imps
  4 hounds
  2 centaur zombies (Ossuary)
  4 giant frog skeletons
  A giant frog zombie (D:5)
  A gnoll shaman (D:4)
  9 orc priests
  Crazy Yiuf (D:5)
  3 centaur skeletons
  A jelly (D:9)
  5 iguanas
  11 orc wizards
  9 worker ants
  Natasha (D:2)
  A big kobold zombie (Ossuary)
  3 ogre zombies (Ossuary)
  A hound zombie (D:8)
  4 hound skeletons
  8 mummies
  2 worker ant zombies (D:5)
  3 gnolls (D:4)
  10 adders
  3 adder zombies
  3 oozes
  2 adder skeletons (D:9)
  A worm (D:2)
  A giant gecko (D:1)
  79 orcs
  2 ball pythons
  5 giant cockroaches
  4 goblins
  12 hobgoblins
  13 jackals
  12 kobolds
  3 quokkas (D:3)
  7 bats
  5 giant newts
  5 goblin zombies (Ossuary)
  3 hobgoblin zombies (Ossuary)
  5 kobold zombies (Ossuary)
  5 quokka zombies (Ossuary)
  8 rats
  4 rat zombies (Ossuary)
  2 bushes (D:5)
  2 fungi (D:5)
342 creatures vanquished.

Vanquished Creatures (others)
  A giant frog zombie (D:5)
  2 hounds (D:5)
  An adder skeleton (D:5)
  2 orcs (D:5)
  3 jackals (D:5)
9 creatures vanquished.

Grand Total: 351 creatures vanquished

Notes
Turn   | Place    | Note
--------------------------------------------------------------
     0 | D:1      | Gagarin the Minotaur Gladiator began the quest for the Orb.
     0 | D:1      | Reached XP level 1. HP: 18/18 MP: 0/0
   157 | D:1      | Reached XP level 2. HP: 20/25 MP: 1/1
   187 | D:1      | Reached skill level 4 in Axes
   703 | D:2      | Reached XP level 3. HP: 30/30 MP: 2/2
   714 | D:2      | Reached skill level 1 in Armour
   754 | D:2      | Found a blossoming altar of Fedhas.
   792 | D:2      | Reached XP level 4. HP: 17/38 MP: 3/3
   947 | D:2      | Noticed Natasha
  1207 | D:2      | Found a radiant altar of Vehumet.
  1207 | D:2      | Found a stormy altar of Qazlal.
  1223 | D:2      | Became a worshipper of Qazlal Stormbringer
  1387 | D:3      | Noticed an orc warrior
  1388 | D:3      | Reached skill level 5 in Axes
  1393 | D:3      | Reached XP level 5. HP: 31/45 MP: 4/4
  1395 | D:3      | Killed an orc warrior
  1740 | D:3      | Noticed a centaur
  1744 | D:3      | Killed a centaur
  1744 | D:3      | Reached skill level 1 in Stealth
  1744 | D:3      | Reached XP level 6. HP: 50/52 MP: 5/5
  1806 | D:3      | Found a deep blue altar of Sif Muna.
  2041 | D:3      | Noticed namelastname112's ghost (amateur DrGl)
  2100 | D:4      | Found a sand-covered staircase.
  2117 | Ossuary  | Entered an ossuary
  2120 | Ossuary  | Noticed Gagarin's ghost (amateur DENe)
  2135 | Ossuary  | Killed Gagarin's ghost
  2135 | Ossuary  | Reached skill level 5 in Dodging
  2319 | Ossuary  | Reached * piety under Qazlal
  2335 | Ossuary  | Reached skill level 6 in Axes
  2424 | Ossuary  | Reached XP level 7. HP: 59/59 MP: 6/6
  2563 | Ossuary  | Reached ** piety under Qazlal
  2717 | D:4      | Reached skill level 7 in Axes
  2736 | D:4      | Reached skill level 5 in Fighting
  3198 | D:4      | Reached XP level 8. HP: 69/69 MP: 7/7
  3353 | D:4      | Noticed Edmund
  3364 | D:4      | Killed Edmund
  3368 | D:4      | Found a staircase to the Ecumenical Temple.
  3618 | D:5      | Entered Level 5 of the Dungeon
  3621 | D:5      | Noticed Pikel
  3627 | D:5      | Killed Pikel
  3627 | D:5      | Reached skill level 8 in Axes
  3774 | D:5      | Got a clouded ivory ring
  3823 | D:5      | Noticed Duvessa
  3825 | D:5      | Identified the ring "Iraemeoqo" {*Tele rPois rC+ Dex+4} (You found it on level 5 of the Dungeon)
  3831 | D:5      | Noticed Dowan
  3835 | D:5      | Killed Duvessa
  3835 | D:5      | Reached skill level 9 in Axes
  3841 | D:5      | Killed Dowan
  3865 | D:5      | Reached XP level 9. HP: 48/79 MP: 8/8
  4195 | D:5      | Noticed Lathuz's ghost (novice MiFi)
  4327 | D:5      | Noticed Crazy Yiuf
  4334 | D:5      | Killed Crazy Yiuf
  4586 | D:6      | Found a sacrificial altar of Ru.
  4622 | D:6      | Found an iron altar of Okawaru.
  4672 | D:6      | Found Misibiod's Weapon Boutique.
  4985 | D:6      | Found a glowing silver altar of Zin.
  5135 | D:6      | Found a glowing drain.
  5147 | Sewer    | Entered a sewer
  5672 | D:2      | Killed Natasha
  5672 | D:2      | Reached *** piety under Qazlal
  5713 | D:4      | Reached skill level 5 in Armour
  5884 | D:7      | Noticed namelastname112's ghost (novice DrGl)
  5899 | D:7      | Killed namelastname112's ghost
  6096 | D:7      | Found a shattered altar of Ashenzari.
  6100 | D:7      | Noticed Joseph
  6113 | D:7      | Killed Joseph
  6113 | D:7      | Reached skill level 10 in Axes
  6423 | D:7      | Gained mutation: Your mind is acute. (Int +2) [potion of mutation]
  6423 | D:7      | Gained mutation: Your body sometimes deteriorates upon taking damage. [potion of mutation]
  6423 | D:7      | Lost mutation: Your mind is acute. (Int +2) [potion of mutation]
  6771 | D:8      | Noticed Psyche
  6796 | D:8      | Killed Psyche
  6796 | D:8      | Reached XP level 10. HP: 66/91 MP: 9/9
  6834 | D:8      | Found Tyturokh's Antique Weapon Shoppe.
  6977 | D:8      | Lost mutation: Your body sometimes deteriorates upon taking damage. [potion of cure mutation]
  7663 | D:9      | Found Osmarhee's Jewellery Shop.
  7782 | D:9      | Bought an uncursed amulet of the gourmand for 330 gold pieces
  7833 | D:9      | Reached **** piety under Qazlal
  7833 | D:9      | Reached skill level 11 in Axes
  7866 | D:9      | Reached skill level 1 in Maces & Flails
  7945 | D:9      | Found a roughly hewn altar of Beogh.
  8295 | D:9      | Noticed namelastname112's ghost (novice DrGl)
  8344 | D:10     | Entered Level 10 of the Dungeon
  8350 | D:10     | Noticed an iron golem
  8350 | D:10     | Noticed a hill giant
  8465 | D:9      | Reached skill level 10 in Dodging
  8802 | D:10     | Found a portal to a secret trove of treasure.
  8911 | D:10     | Found Igyeckua's General Store.
  8920 | D:10     | Bought a potion of curing for 42 gold pieces
  8920 | D:10     | Bought a scroll of teleportation for 42 gold pieces
  8930 | D:10     | Noticed a gargoyle
  8946 | D:10     | Killed a gargoyle
  8965 | D:10     | Reached ***** piety under Qazlal
  9414 | D:10     | Found a roughly hewn altar of Beogh.
  9477 | D:10     | Got an ivory scimitar
  9530 | D:10     | Identified the cursed +2 scimitar of Duty {flame, *Confuse rC+ MR+++ Int-2} (You found it on level 10 of the Dungeon)
  9560 | D:11     | Reached XP level 11. HP: 99/99 MP: 10/10
  9586 | D:11     | Noticed a soul eater
  9592 | D:11     | Reached skill level 10 in Fighting
  9760 | D:11     | Found a staircase to the Orcish Mines.
  9859 | D:11     | Found a staircase to the Lair.
  9881 | D:11     | Killed an unseen horror
 10275 | D:11     | Noticed a hill giant
 10278 | D:11     | Killed a hill giant
 10278 | D:11     | Reached skill level 1 in Long Blades
 10280 | D:11     | Noticed a six-headed hydra
 10656 | D:11     | Noticed a hill giant
 10660 | D:11     | Killed a hill giant
 10661 | D:11     | Noticed a skeletal warrior
 10670 | D:11     | Killed a skeletal warrior
 10670 | D:11     | Reached skill level 5 in Maces & Flails
 10738 | D:11     | Noticed a skeletal warrior
 10984 | D:11     | Noticed a skeletal warrior
 11003 | D:12     | Noticed an eight-headed hydra
 11009 | D:12     | Noticed a red ugly thing
 11025 | D:12     | Noticed a cyan ugly thing
 11074 | D:12     | HP: 4/101 [eight-headed hydra (9)]
 11075 | D:12     | Mangled by an eight-headed hydra

Vault maps used:
D:1:      minmay_arrival_doors, serial_curves, eino_curves_02, eino_curves_04,
          st_stairs_13
D:2:      fedhas_altar_2, gammafunk_temple_overflow_statue, first_bread,
          uniq_natasha
D:3:      lemuel_blue_sif_altar
D:4:      minmay_temple_entry_nine_rooms, gup_ossuary_entry_pyramid,
          serial_co_window_serial, co_window_paths_a,
          co_window_of_opportunity_a, co_window_paths_a, co_window_corner_a,
          co_window_of_opportunity_a, co_window_of_opportunity_a,
          co_window_paths_a, co_window_corner_b, co_window_corner_b,
          co_window_unsneaky_path_e, co_window_corner_b, co_window_broadway_a,
          co_window_of_opportunity_b, co_window_unsneaky_path_b,
          glass_columns_b, glass_columns_a, glass_columns_c, glass_columns_b,
          uniq_edmund
D:5:      hangedman_decor_clover_reticule, kennysheep_generic_room_2,
          uniq_duvessa, uniq_pikel, uniq_crazy_yiuf_cottage
D:6:      zin_statuary, old_standard_altar, okawaru_trees_2, serial_shops, shop,
          portal_sewer_entry_d
D:7:      nicolae_overflow_crystal_walls, uniq_joseph
D:8:      serial_shops, shop, uniq_psyche
D:9:      special_room, serial_shops, shop
D:10:     cheibrodos_stairvault_heist, special_room, serial_shops,
          shop_fountains, enter_trove_1
D:11:     lair_0_dummy, orc_0_dummy, basic_altar
D:12:     uniq_josephine
Sewer:    sewer_the_crocodile
Ossuary:  ossuary_boxes_badplayer

Action                   |  1- 3 |  4- 6 |  7- 9 | 10-12 || total
-------------------------+-------+-------+-------+-------++-------
Melee: War axe           |    60 |    90 |   264 |    45 ||   459
       Flail             |       |       |       |   196 ||   196
       Scimitar          |       |       |       |    83 ||    83
Throw: Throwing net      |     3 |       |     2 |       ||     5
       Tomahawk          |       |       |     2 |       ||     2
Invok: Elemental Force   |       |       |       |     1 ||     1
Evoke: Wand              |       |       |       |     2 ||     2
  Use: Scroll            |       |     2 |     6 |     5 ||    13
       Potion            |       |     2 |     7 |     5 ||    14
 Stab: Sleeping          |       |     1 |       |       ||     1
       Held in net/web   |       |       |     1 |       ||     1
  Eat: Pizza             |       |     1 |       |       ||     1
       Chunk             |       |     2 |    10 |    29 ||    41
       Meat ration       |       |     1 |       |       ||     1
